 Seeded DCSS version 0.30-a0-371-gad7725a93e (webtiles) character file.

Game seed: 4139312654047781886 (custom seed)

41731 purpskrrrp the Crack Shot (level 13, 0/65 HPs)
             Began as a Deep Elf Hunter on Nov 22, 2022.
             Was a High Priest of Zin.
             Slain by a death yak (14 damage)
             ... on level 8 of the Dungeon on Nov 23, 2022.
             The game lasted 00:40:45 (13040 turns).

purpskrrrp the Crack Shot (Deep Elf Hunter)        Turns: 13040, Time: 00:40:46

Health: 0/65       AC: 13    Str:  4    XL:     13   Next: 81%
Magic:  20/20      EV: 26    Int: 22    God:    Zin [*****.]
Gold:   898        SH:  0    Dex: 33    Spells: 12/12 levels left

rFire   . . .      SeeInvis .    Q - +11 arbalest "Wocsikk" {flame, Contam Str-4 Dex+7 Stlth+}
rCold   x . .      Faith    .    (shield currently unavailable)
rNeg    + . .      Spirit   .    O - +1 troll leather armour
rPois   .          Reflect  .    B - +2 helmet
rElec   .          Harm     .    P - scarf {repulsion}
rCorr   .          Rampage  .    (no gloves)
Will    ++...                    K - +0 pair of boots
Stlth   ++++++++..               (no amulet)
HPRegen 1.10/turn                t - +4 ring of protection
MPRegen 0.17/turn                y - ring of Zublogea {rC- rN+ Will+ Int+6 Dex+4}

@: repel missiles
A: no striking features
a: Renounce Religion, Recite, Vitalisation, Imprison, Sanctuary, Donate Gold


You were on level 8 of the Dungeon.
You worshipped Zin.
Zin was extremely pleased with you.
You visited 2 branches of the dungeon, and saw 16 of its levels.

You collected 997 gold pieces.
You donated 99 gold pieces to Zin.

Inventory:

Hand Weapons
 a - a +1 shortbow of electrocution
 k - the +6 longbow of Keac {speed, rCorr Str-4 Dex+5}
   (You acquired it on level 4 of the Dungeon)

   Attacks with this weapon are significantly faster.
   Str:       It affects your strength (-4).
   Dex:       It affects your dexterity (+5).
   rCorr:     It protects you from acid and corrosion.
 E - the +4 dagger "Morg" {pain, Will+ Int+5}
   (You found it on level 7 of the Dungeon)

   In the hands of one skilled in necromantic magic, it inflicts extra damage on
   living creatures.
   Int:       It affects your intelligence (+5).
   Will:      It increases your willpower.
   Zin disapproves of the use of such an item.
 Q - the +11 arbalest "Wocsikk" (weapon) {flame, Contam Str-4 Dex+7 Stlth+}
   (You acquired it on level 13 of the Dungeon)

   Any ammunition fired from it burns those it strikes, dealing additional fire
   damage.
   Str:       It affects your strength (-4).
   Dex:       It affects your dexterity (+7).
   Contam:    It causes magical contamination when unequipped.
   Stlth:     It makes you more stealthy.
 T - a +2 longbow of flaming
Missiles
 I - 2 throwing nets
Armour
 c - a +1 leather armour
 d - a scarf of shadows
 B - a +2 helmet (worn)
 K - a +0 pair of boots (worn)
 O - a +1 troll leather armour (worn)
 P - a scarf of repulsion (worn)
Jewellery
 g - a ring of flight
 t - a +4 ring of protection (left hand)
 v - a ring of positive energy
 y - the ring of Zublogea (right hand) {rC- rN+ Will+ Int+6 Dex+4}
   (You found it on level 5 of the Dungeon)

   [ring of intelligence]

   Int:       It affects your intelligence (+6).
   Dex:       It affects your dexterity (+4).
   rC:        It makes you vulnerable to cold.
   rN:        It protects you from negative energy.
   Will:      It increases your willpower.
 C - a ring of positive energy
 D - a ring of protection from cold
 F - a ring of magical power
 J - a ring of see invisible
Wands
 r - a wand of flame (25)
 u - a wand of light (2)
 A - a wand of paralysis (35)
 N - a wand of iceblast (5)
Scrolls
 e - 3 scrolls of amnesia
 i - a scroll of enchant weapon
 s - 3 scrolls of identify
 M - 2 scrolls of immolation
 R - a scroll of fog {unknown}
Potions
 b - a potion of lignification {unknown}
 f - a potion of ambrosia {unknown}
 h - 2 potions of curing
 j - 2 potions of magic {unknown}
 l - 3 potions of might
 m - 2 potions of mutation {unknown}
 n - 2 potions of haste {unknown}
 o - 2 potions of heal wounds {unknown}
 p - 7 potions of brilliance
 q - 5 potions of degeneration
 w - 3 potions of berserk rage
 x - 2 potions of invisibility {unknown}
 z - 5 potions of flight
 G - a potion of resistance {unknown}
 H - 2 potions of cancellation {unknown}
 L - a potion of attraction {unknown}


   Skills:
 - Level 1.5 Fighting
 * Level 21.6 Ranged Weapons
 + Level 13.7 Dodging
 + Level 14.7 Stealth
 - Level 7.7 Invocations


You had 12 spell levels left.
You didn't know any spells.
Your spell library contained the following spells:

 Spells                   Type           Power      Damage    Failure   Level
 Sandblast                Erth           0%         2d4       30%         1
 Ensorcelled Hibernation  Hex/Ice        0%         N/A       41%         2
 Passwall                 Tmut/Erth      0%         N/A       41%         2
 Frozen Ramparts          Ice            0%         1d1       65%         3
 Hailstorm                Conj/Ice       0%         3d3       65%         3
 Stone Arrow              Conj/Erth      0%         3d7       65%         3
 Tukima's Dance           Hex            0%         N/A       65%         3
 Ice Form                 Ice/Tmut       0%         N/A       96%         4
 Leda's Liquefaction      Hex/Erth       0%         N/A       96%         4
 Passage of Golubria      Tloc           0%         N/A       96%         4
 Summon Ice Beast         Ice/Summ       0%         N/A       96%         4
 Summon Forest            Summ/Tloc      0%         N/A       100%        5
 Summon Mana Viper        Hex/Summ       0%         N/A       100%        5
 Yara's Violent Unravell  Hex/Tmut       0%         3d3       100%        5
 Eringya's Noxious Bog    Tmut/Pois      0%         N/A       100%        6
 Simulacrum               Ice/Necr       0%         N/A       100%        6
 Summon Hydra             Summ           0%         N/A       100%        7


Dungeon Overview and Level Annotations

Branches:
Dungeon (15/15)            Temple (0/1) D:4            Lair (1/5) D:8
    Orc (0/2) D:9          Vaults (0/5) D:13
 Depths: D:15

Altars:
Cheibriados
Fedhas
Hepliaklqana
Kikubaaqudgha
Okawaru
Ru
Vehumet
Xom
Zin

Shops:
D:2 (


Message History

The bolt hits the basilisk!
The bolt burns the basilisk.
You kill the basilisk!
The bullfrog barely misses you. The bullfrog misses you.
You climb upwards.
Welcome back to the Dungeon!
There is a staircase to the Lair here.
You shoot a bolt. The bolt hits the bullfrog!!!
The bolt burns the bullfrog!
You kill the bullfrog!
No target in view!
You climb downwards.
Welcome back to the Lair of Beasts!
The water moccasin closely misses you.
There is a staircase back to the Dungeon here.
The death yak misses you.
You climb upwards.
Welcome back to the Dungeon!
There is a staircase to the Lair here.
You shoot a bolt. The bolt hits the death yak!!!
The bolt burns the death yak.
The death yak is heavily wounded.
The death yak gores you!! The death yak gores you!
You shoot a bolt. The bolt hits the death yak!!!
The bolt burns the death yak.
You kill the death yak!
The death yak gores you but does no damage.
The death yak completely misses you.
You shoot a bolt. The bolt hits the death yak.
The bolt burns the death yak.
The death yak is lightly wounded.
The death yak gores you!
You are too injured to fight recklessly!
You are too injured to fight recklessly!
You are too injured to fight recklessly!
You are too injured to fight recklessly!
You are too injured to fight recklessly!
You are too injured to fight recklessly!
Fire: Q) +11 arbalest "Wocsikk" {flame, Contam Str-4 Dex+7 Stlth+}
Press: ? - help, Q - select action, (/) - cycle Shift-Dir - straight line, f/p - death yak
Aim: a death yak (lightly wounded, 87% to hit)
You shoot a bolt. The bolt hits the death yak!!
The bolt burns the death yak!
The death yak is heavily wounded.
The death yak gores you!!
* * * LOW HITPOINT WARNING * * *
Okay, then.
You feel better. The death yak gores you!
You die...

...........###
#......<.#######
.....#..##...#####.######.#
....##..##............# #.#
##.###..##.....###....###.#
###
#..###.#...≈...#.....#######
#..# ##..#...#..#####.......
######..####.##...##.#
#.......
..##.......#).P......#
#...####
#.##.#..####≈...@†P.≈# #####
.....#..# #...YPP...#
........# #.##...##.# ###
#.####.## ##..#...#..### #..
#.# #.####.#...≈...#..## #.#
#.# #.........###......#####
#.# #.#
#.####...........#.....# #.#
#.# #..# #.###########.###.#
#.# #.####..# #.# #.# #.#
#.#


You could see a death yak.

Vanquished Creatures
  Jorgrun (D:14)
  Kirke (D:14)
  Frances (D:14)
  An ironbound preserver (D:13)
  Nessos (D:14)
  Azrael (D:12)
  Harold (D:10)
  A hydra (D:13)
  3 boulder beetles
  4 centaur warriors
  5 two-headed ogres
  A death yak (D:8)
  A tengu warrior (D:13)
  Sonja (D:12)
  13 ugly things
  2 deep elf pyromancers
  2 manticores
  4 cyclopes
  A black mamba (shapeshifter) (D:13)
  An unseen horror (D:10)
  2 gargoyles (D:12)
  An unseen horror (shapeshifter) (D:13)
  A komodo dragon (D:10)
  3 yaktaurs (D:15)
  3 meliai (D:15)
  2 hornets
  3 trolls
  10 slime creatures
  2 shadows (D:9)
  3 wraiths
  31 yaks
  4 basilisks
  3 fire elementals (D:12)
  A hog (D:14)
  A water moccasin (D:7)
  4 vampire mosquitoes (D:11)
  An acid dragon (D:9)
  2 hell hounds (D:12)
  A sky beast (D:8)
  3 orc warriors
  2 black bears
  An ogre (D:5)
  10 centaurs
  5 phantoms
  A kobold brigand (D:7)
  3 bullfrogs
  A wyvern zombie (D:7)
  A necrophage (D:6)
  2 gnoll sergeants
  A scorpion (D:5)
  9 wights
  9 killer bees
  4 howler monkeys
  4 jellies
  3 orc priests
  3 hounds
  A water moccasin simulacrum (D:7)
  5 iguanas
  4 orc wizards
  A killer bee zombie (D:7)
  A spectral killer bee (D:7)
  8 gnolls
  10 adders
  A white imp (D:6)
  An ufetubus (D:5)
  A worm (D:14)
  25 orcs
  7 bats
  9 endoplasms
  4 giant cockroaches
  6 goblins
  3 hobgoblins
  5 jackals
  9 kobolds
  5 quokkas
  8 ball pythons
  A frilled lizard (D:2)
  9 rats
310 creatures vanquished.

Vanquished Creatures (others)
  An unseen horror (D:13)
  A fire elemental (D:12)
  A human (D:14)
  6 fungi (D:8)
  47 plants
  19 withered plants (D:7)
75 creatures vanquished.

Grand Total: 385 creatures vanquished

Notes
Turn   | Place    | Note
-------+----------+-------------------------------------------
     0 | D:1      | purpskrrrp the Deep Elf Hunter began the quest for the Orb.
     0 | D:1      | Reached XP level 1. HP: 12/12 MP: 3/3
   150 | D:1      | Reached skill level 6 in Ranged Weapons
   150 | D:1      | Reached XP level 2. HP: 16/16 MP: 4/4
   314 | D:1      | You fall into a shaft and drop 1 floor!
   382 | D:2      | Found Cueng's Weapon Shoppe.
   404 | D:2      | Found a radiant altar of Vehumet.
   562 | D:1      | Reached XP level 3. HP: 16/20 MP: 5/5
   577 | D:1      | Found a faded altar of an unknown god.
   599 | D:1      | Prayed at the altar of an unknown god.
   599 | D:1      | Became a worshipper of Zin the Law-Giver
   599 | D:1      | Reached * piety under Zin
   810 | D:2      | Reached skill level 7 in Ranged Weapons
   947 | D:2      | Identified the +1 leather armour of the Swamp {Harm Rampage
                  | Str+4 Slay+2}
  1356 | D:2      | Reached XP level 4. HP: 19/25 MP: 6/6
  1469 | D:3      | Reached ** piety under Zin
  1587 | D:3      | Reached skill level 8 in Ranged Weapons
  1653 | D:3      | Reached XP level 5. HP: 28/29 MP: 7/7
  2106 | D:4      | Noticed a yak
  2107 | D:4      | Noticed a yak
  2108 | D:4      | Noticed a yak
  2111 | D:4      | Noticed a yak
  2113 | D:4      | Noticed a yak
  2113 | D:4      | Noticed a yak
  2304 | D:4      | Identified a scroll of acquirement
  2304 | D:4      | Acquired the +6 longbow of Keac {speed, rCorr Str-4 Dex+5}
  2364 | D:4      | Found a staircase to the Ecumenical Temple.
  2370 | D:4      | Reached *** piety under Zin
  2428 | D:4      | Killed a yak
  2429 | D:4      | Reached skill level 9 in Ranged Weapons
  2429 | D:4      | Reached skill level 1 in Invocations
  2429 | D:4      | Reached XP level 6. HP: 34/34 MP: 8/8
  2440 | D:4      | Killed a yak
  2503 | D:4      | Killed a yak
  2504 | D:4      | Reached skill level 10 in Ranged Weapons
  2504 | D:4      | Reached XP level 7. HP: 38/38 MP: 10/10
  2512 | D:4      | Killed a yak
  2514 | D:4      | Killed a yak
  2515 | D:4      | Killed a yak
  2516 | D:4      | Reached XP level 8. HP: 32/43 MP: 10/12
  2774 | D:5      | Entered Level 5 of the Dungeon
  2787 | D:5      | Reached skill level 11 in Ranged Weapons
  3056 | D:5      | Reached skill level 5 in Dodging
  3056 | D:5      | Reached skill level 5 in Stealth
  3221 | D:5      | Identified the ring of Zublogea {rC- rN+ Will+ Int+6 Dex+4}
  3480 | D:5      | Found a sacrificial altar of Ru.
  3480 | D:5      | Found a hazy altar of Hepliaklqana.
  3787 | D:6      | Reached skill level 12 in Ranged Weapons
  3852 | D:6      | Reached **** piety under Zin
  4157 | D:6      | Found a blossoming altar of Fedhas.
  4157 | D:6      | Noticed a white ugly thing
  4172 | D:6      | Killed a white ugly thing
  4173 | D:6      | Reached skill level 5 in Invocations
  4173 | D:6      | Reached XP level 9. HP: 18/47 MP: 14/14
  4333 | D:6      | Found a blossoming altar of Fedhas.
  4354 | D:6      | Found a shimmering altar of Xom.
  4358 | D:6      | Found an ancient bone altar of Kikubaaqudgha.
  4602 | D:7      | Reached skill level 13 in Ranged Weapons
  4953 | D:7      | Reached ***** piety under Zin
  4962 | D:7      | Found the +4 dagger "Morg" {pain, Will+ Int+5}
  5153 | D:8      | Found a staircase to the Lair.
  5174 | D:8      | Reached XP level 10. HP: 52/52 MP: 13/16
  5294 | D:8      | Reached skill level 14 in Ranged Weapons
  6320 | D:9      | Found a staircase to the Orcish Mines.
  6426 | D:9      | Reached skill level 15 in Ranged Weapons
  6619 | D:9      | Noticed a two-headed ogre
  7258 | D:10     | Entered Level 10 of the Dungeon
  7269 | D:10     | Noticed a two-headed ogre
  7274 | D:10     | Killed a two-headed ogre
  7275 | D:10     | Reached XP level 11. HP: 56/56 MP: 15/18
  7487 | D:10     | Noticed a two-headed ogre
  7495 | D:10     | Killed a two-headed ogre
  7496 | D:10     | Reached skill level 16 in Ranged Weapons
  7703 | D:10     | Reached skill level 10 in Stealth
  7986 | D:10     | Noticed Harold
  8161 | D:10     | Killed Harold
  8364 | D:11     | Noticed a purple ugly thing
  8383 | D:11     | Killed a purple ugly thing
  8384 | D:11     | Reached skill level 10 in Dodging
  8484 | D:11     | Reached skill level 17 in Ranged Weapons
  8495 | D:11     | Noticed a two-headed ogre
  8502 | D:11     | Killed a two-headed ogre
  9076 | D:11     | Noticed a deep elf pyromancer
  9084 | D:11     | Killed a deep elf pyromancer
  9464 | D:12     | Found an iron altar of Okawaru.
  9469 | D:12     | Noticed Sonja
  9476 | D:12     | Killed Sonja
  9493 | D:12     | Noticed Azrael
  9496 | D:12     | Reached XP level 12. HP: 61/61 MP: 19/19
  9599 | D:12     | Reached skill level 18 in Ranged Weapons
  9617 | D:12     | Killed Azrael
 10450 | D:13     | Noticed a centaur warrior
 10450 | D:13     | Noticed a four-headed hydra
 10459 | D:13     | Killed a centaur warrior
 10475 | D:13     | Killed a four-headed hydra
 10586 | D:13     | Reached skill level 19 in Ranged Weapons
 10602 | D:13     | Found a gate to the Vaults.
 10602 | D:13     | Noticed an ironbound preserver
 10602 | D:13     | Noticed a tengu warrior
 10676 | D:13     | Acquired the +11 arbalest "Wocsikk" {flame, Contam Str-4
                  | Dex+7 Stlth+}
 10773 | D:13     | Killed an ironbound preserver
 10781 | D:13     | Noticed a centaur warrior
 10789 | D:13     | Killed a centaur warrior
 10901 | D:13     | Noticed a two-headed ogre
 10901 | D:13     | Noticed a centaur warrior
 10902 | D:13     | Noticed a boulder beetle
 10923 | D:13     | Killed a centaur warrior
 10950 | D:13     | Killed a two-headed ogre
 10960 | D:13     | Killed a boulder beetle
 11211 | D:13     | Killed a tengu warrior
 11212 | D:13     | Reached skill level 20 in Ranged Weapons
 11212 | D:13     | Reached XP level 13. HP: 65/65 MP: 20/20
 11216 | D:14     | Noticed Kirke
 11280 | D:14     | Found a snail-covered altar of Cheibriados.
 11318 | D:14     | Noticed Frances
 11327 | D:14     | Killed Frances
 11370 | D:14     | Killed Kirke
 11621 | D:14     | Noticed Jorgrun
 11630 | D:14     | Killed Jorgrun
 11922 | D:14     | Noticed Nessos
 11925 | D:14     | Killed Nessos
 11926 | D:14     | Reached skill level 21 in Ranged Weapons
 12085 | D:15     | Entered Level 15 of the Dungeon
 12458 | D:15     | Found a radiant altar of Vehumet.
 12732 | D:15     | Got the Volume of Jinxing
 13025 | Lair:1   | Entered Level 1 of the Lair of Beasts
 13040 | D:8      | Slain by a death yak

Illustrated notes

Levels and vault maps discovered:
D:1:      zaba_arrival_water, layout_basic, hellmonk_ecumenical_altar_run_dry,
          minivault_4
D:2:      layout_basic, basic_altar, serial_shops, shop
D:3:      layout_rooms
D:4:      layout_gridville, minmay_temple_entry_slanted, dreamdust_wishing_well
D:5:      layout_loops_ring, gammafunk_temple_overflow_elements, serial_bayou,
          serial_bayou_lagoon_a, serial_bayou_shore_a, serial_bayou_pond_c,
          serial_bayou_pond_d
D:6:      layout_basic, grunt_temple_overflow_open, hangedman_feature_mirror
D:7:      layout_rooms, corexii_leaking_fountain, solitary_fountain,
          nrook_mini_vaults, dilly_guarded_unrand_morg
D:8:      layout_loops_ring, dpeg_oklobed_lair
D:9:      layout_gridville, orc_0_dummy
D:10:     layout_irregular_city, uniq_harold
D:11:     minmay_spotlight, layout_stronghold, serial_column_ruins,
          column_ruins_square_small, column_ruins_square_medium,
          column_ruins_grid_1, column_ruins_grid_1, column_ruins_open_medium,
          minmay_misc_feat_enclosed
D:12:     layout_roguey, hangedman_decor_opposing, okawaru_trees_2, uniq_azrael,
          uniq_sonja
D:13:     layout_basic, skrybe_vaults_entry_preservation
D:14:     layout_irregular_city, slow_altar_2, uniq_nessos, uniq_kirke,
          uniq_jorgrun, uniq_frances
D:15:     grunt_enter_depths_magical_seal, layout_basic,
          amcnicky_mini_pool_small, nicolae_vehumet_radiance
Lair:1:   layout_regular_city, st_stairs_12, grunt_megastairs_5, uniq_urug

Skill      XL: |  1  2  3  4  5  6  7  8  9 10 11 12 13 |
---------------+----------------------------------------+-----
Ranged Weapons | 6 7 8 9 10 12 13 15 17 20 21 | 21.6
Dodging        | 3 4 6 7 9 10 12 13 | 13.7
Stealth        | 2 3 4 6 7 9 11 13 14 | 14.7
Invocations    | 1 2 3 5 6 7 |  7.7
Fighting       | |  1.5

Action                   |  1- 3 |  4- 6 |  7- 9 | 10-12 | 13-15 || total
-------------------------+-------+-------+-------+-------+-------++-------
Melee: Shortbow          |     1 |       |       |       |       ||     1
 Fire: Shortbow          |    77 |    69 |       |       |       ||   146
       Longbow           |       |    23 |   227 |   474 |       ||   724
       Arbalest          |       |       |       |    41 |   134 ||   175
Invok: Vitalisation      |       |       |     1 |     9 |       ||    10
       Recite            |       |       |       |     2 |       ||     2
       Sanctuary         |       |       |       |     2 |       ||     2
       Imprison          |       |       |       |     1 |       ||     1
Evoke: Wand              |       |       |     3 |     3 |       ||     6
  Use: Scroll            |       |    11 |     3 |    15 |     1 ||    30
       Potion            |       |       |       |     4 |     1 ||     5
Armor: Leather armour    |     7 |    12 |     8 |    28 |       ||    55
       Troll leather arm |       |       |       |    15 |     8 ||    23
Dodge: Dodged            |    14 |    23 |    45 |   183 |    51 ||   316

Table legend: (Time is in decaauts)
 A = Elapsed time spent in this place.
 B = Non-inter-level travel time spent in this place.
 C = Inter-level travel time spent in this place.
 D = Time resting spent in this place.
 E = Time spent auto-exploring this place.
 F = Levels seen in this place.
 G = Mean time per level.
                   A        B        C        D        E       F      G
               +--------+--------+--------+--------+--------+-----+--------+
         Total |  12941 |  11366 |   1575 |   1224 |   8218 |  16 |  808.8 |
       Dungeon |  12934 |  11360 |   1574 |   1224 |   8218 |  15 |  862.3 |
          Lair |      7 |      7 |      0 |      0 |      0 |   1 |    7.0 |
               +--------+--------+--------+--------+--------+-----+--------+

Top non-repeatable levels by time:
     D:9: 1255 daAuts
    D:10: 1065 daAuts
    D:13: 1047 daAuts
    D:11: 1046 daAuts
     D:8: 1001 daAuts
    D:14: 980 daAuts
     D:5: 944 daAuts
     D:2: 834 daAuts
     D:6: 772 daAuts
     D:4: 746 daAuts
    D:15: 700 daAuts
    D:12: 695 daAuts
     D:3: 635 daAuts
     D:7: 617 daAuts
     D:1: 590 daAuts
